 Dungeon Crawl Stone Soup version 0.21-a0-59-g7b0e191 (webtiles) character file.

84 Klosterheim the Insei (level 4, -3/33 HPs)
             Began as a Merfolk Transmuter on June 16, 2017.
             Slain by a worm (9 damage)
             ... on level 2 of the Dungeon.
             The game lasted 00:01:32 (1757 turns).

Klosterheim the Insei (Merfolk Transmuter)          Turns: 1757, Time: 00:01:32

Health: -3/33      AC:  3    Str: 10    XL:     4   Next: 45%
Magic:  7/7        EV: 13    Int: 13    God:
Gold:   63         SH:  0    Dex: 14    Spells: 7/8 levels left

rFire    . . .     SeeInvis .     - Unarmed
rCold    . . .     Gourm    .   (no shield)
rNeg     . . .     Faith    .   b - +0 robe
rPois    .         Spirit   .   (no helmet)
rElec    .         Reflect  .   (no cloak)
rCorr    .         Harm     .   (no gloves)
MR       .....                  f - +0 pair of boots
Stlth    +.........             (no amulet)
HPRegen  0.11/turn              (no ring)
MPRegen  0.10/turn              (no ring)

@: no status effects
A: change form in water, swift swim, stealthy swim
a: no special abilities


You were on level 2 of the Dungeon.
You were not hungry.

You visited 1 branch of the dungeon, and saw 2 of its levels.

You collected 63 gold pieces.

Inventory:

Missiles
 a - 12 arrows
Armour
 b - a +0 robe (worn)
 f - a +0 pair of boots (worn)
Jewellery
 j - an uncursed ring of resist corrosion {unknown}
Scrolls
 g - a scroll of recharging {unknown}
Potions
 e - 2 potions of curing {unknown}
 h - 2 potions of mutation {unknown}
 k - 2 potions of might {unknown}
 m - a potion of heal wounds {unknown}
Books
 c - a book of Changes

   Spells                             Type                      Level
   a - Beastly Appendage              Transmutation                1
   b - Sticks to Snakes               Transmutation                2
   c - Spider Form                    Transmutation/Poison         3
   d - Ice Form                       Ice/Transmutation            4
   e - Blade Hands                    Transmutation                5
Comestibles
 d - 2 bread rations
 i - 3 fruits
 l - a chunk of flesh


   Skills:
 + Level 2.1 Fighting
 - Level 2.6 Dodging
 * Level 4.0 Unarmed Combat
 + Level 2.5 Spellcasting
 * Level 4.0 Transmutations


You had 7 spell levels left.
You knew the following spells:

 Your Spells              Type           Power        Failure   Level  Hunger
a - Beastly Appendage     Tmut           ##....       4%          1    #......


Dungeon Overview and Level Annotations

Branches:
Dungeon (2/15)

Altars:


Message History

The worm is lightly wounded.
You barely miss the worm.
The worm is lightly wounded.
The worm bites you.
You hit the worm. You headbutt the worm.
The worm is heavily wounded.
You hit the worm but do no damage.
The worm is heavily wounded.
The worm barely misses you.
You barely miss the worm. Your headbutt misses the worm. You punch the worm.
The worm is heavily wounded.
You hit the worm.
The worm is heavily wounded.
Your horns disappear.
The worm bites you!
* * * LOW HITPOINT WARNING * * *
You hit the worm.
The worm is severely wounded.
The worm bites you!
You die...

## #.# #...(.. ####.
##.##.# #...... .
....##.)..)#####......
..
....##.#.............
...
....####.#########.#
>...♣....# #.# #.#
.........###.# #.#
..♣......#.#.# #.#
......w@.#.#.# #.#
.....#.#.#.#.# #.# ...
#.#.#.#.#########.# #
#.#.............#.#
#.###.#.#######.#.# ..
................
.....#############.
##### #. #.


You could see a worm.

Vanquished Creatures
  Terence (D:2)
  3 adders (D:2)
  A dart slug (D:1)
  3 leopard geckos
  A ball python (D:1)
  2 giant cockroaches (D:1)
  3 goblins (D:1)
  4 hobgoblins
  3 kobolds (D:1)
  2 bats (D:1)
  2 frilled lizards (D:1)
  3 rats
28 creatures vanquished.

Vanquished Creatures (others)
  A plant (D:2)
  9 toadstools (D:2)
10 creatures vanquished.

Grand Total: 38 creatures vanquished

Notes
Turn   | Place    | Note
-------+----------+-------------------------------------------
     0 | D:1      | Klosterheim the Merfolk Transmuter began the quest for the Orb.
     0 | D:1      | Reached XP level 1. HP: 15/15 MP: 3/3
   141 | D:1      | Reached XP level 2. HP: 18/21 MP: 5/5
   767 | D:1      | Reached XP level 3. HP: 22/26 MP: 6/6
  1014 | D:2      | Noticed Terence
  1032 | D:2      | Killed Terence
  1316 | D:2      | Reached XP level 4. HP: 19/33 MP: 5/7
  1757 | D:2      | Slain by a worm

Vault maps used:
D:1:      dpeg_arrival_leaves_temple_mockup
D:2:      cheibrodos_fertilizer, tgw_fedhas, grunt_ministairs_2,
          nrook_loot_triangle, uniq_terence

Skill      XL: |  1  2  3  4 |
---------------+-------------+-----
Transmutations | 3 4 |  4.0
Fighting       | 2 |  2.1
Unarmed Combat | 4 |  4.0
Dodging        | |  2.6
Spellcasting   | |  2.5

Action                   |  1- 3 |  4- 6 || total
-------------------------+-------+-------++-------
Melee: Unarmed           |    91 |    33 ||   124
       Headbutt          |     3 |     3 ||     6
       Punch             |       |     2 ||     2
 Cast: Beastly Appendage |     2 |     2 ||     4
 Stab: Sleeping          |     1 |     1 ||     2
  Eat: Chunk             |     1 |     2 ||     3
Armor: Robe              |    10 |     3 ||    13
Dodge: Dodged            |    68 |    10 ||    78
